 Dungeon Crawl Stone Soup version 0.28-a0-247-gb8bfbab023 (webtiles) character file.

Game seed: 359650042070140672

807 speeev33 the Skirmisher (level 7, -3/66 HPs)
             Began as a Minotaur Berserker on Aug 25, 2021.
             Was a Priest of Trog.
             Succumbed to a gnoll sergeant's poison
             ... on level 5 of the Dungeon.
             The game lasted 00:08:09 (4310 turns).

speeev33 the Skirmisher (Minotaur Berserker)        Turns: 4310, Time: 00:08:09

Health: -3/66      AC: 11    Str: 24    XL:     7   Next: 60%
Magic:  6/6        EV:  8    Int:  4    God:    Trog [***...]
Gold:   224        SH:  4    Dex:  9    Spells: 6/6 levels left

rFire   . . .      SeeInvis .   n - +1 trident
rCold   . . .      Faith    .   r - +0 buckler
rNeg    . . .      Spirit   .   a - +1 chain mail
rPois   .          Reflect  .   d - +2 hat
rElec   .          Harm     .   (no cloak)
rCorr   .          Rampage  .   (no gloves)
Will    .....                   (no boots)
Stlth   ..........              (no amulet)
HPRegen 0.21/turn               (no ring)
MPRegen 0.10/turn               (no ring)

@: brilliant, lethally poisoned (-3 -> -38)
A: horns 2, retaliatory headbutt
a: Renounce Religion, Berserk, Trog's Hand


You were on level 5 of the Dungeon.
You worshipped Trog.
Trog was most pleased with you.
You visited 1 branch of the dungeon, and saw 5 of its levels.

You collected 224 gold pieces.

Inventory:

Hand Weapons
 n - a +1 trident (weapon)
Missiles
 j - 2 curare-tipped darts (quivered)
Armour
 a - a +1 chain mail (worn)
 d - a +2 hat (worn)
 r - a +0 buckler (worn)
Jewellery
 p - a ring of fire
Scrolls
 k - 2 scrolls of noise
 l - a scroll of enchant armour
Potions
 b - a potion of might
 f - 2 potions of mutation
 h - 2 potions of lignification
 m - 2 potions of haste
 q - 2 potions of cancellation


   Skills:
 + Level 7.6 Fighting
 + Level 7.6 Polearms
 - Level 2.4 Armour
 - Level 2.1 Dodging
 + Level 3.5 Shields


You had 6 spell levels left.
You didn't know any spells.
Your spell library was empty.

Dungeon Overview and Level Annotations

Branches:
Dungeon (5/15)
 Temple: D:4-7

Altars:
Hepliaklqana
Kikubaaqudgha
Qazlal

Shops:
D:2 [[   D:5 !

Annotations:
D:4 3 runed translucent doors, Dittersdorf's ghost, novice GrFi


Innate Abilities, Weirdness & Mutations

You have a pair of horns on your head.
You reflexively headbutt those who attack you in melee.


Message History

You are more poisoned.
You puncture the gnoll sergeant!
You headbutt the gnoll sergeant, but do no damage.
The gnoll sergeant is severely wounded.
You feel very sick.
The gnoll sergeant hits you with a +4 spear of venom.
You are more poisoned.
You closely miss the gnoll sergeant.
The gnoll sergeant is severely wounded.
You feel very sick.
You hit the gnoll.
The gnoll is lightly wounded.
You feel very sick.
The gnoll sergeant hits you with a +4 spear of venom.
The gnoll closely misses you.
You hit the gnoll sergeant.
The gnoll sergeant is almost dead.
You feel very sick.
The gnoll sergeant hits you with a +4 spear of venom.
* * * LOW HITPOINT WARNING * * *
You are lethally poisoned!
The gnoll hits you but does no damage.
As you read the scroll of teleportation, it crumbles to dust.
You feel strangely unstable.
* * * LOW HITPOINT WARNING * * *
You feel very sick.
The gnoll sergeant hits you but does no damage.
You are more poisoned.
The gnoll hits you but does no damage.
It was a potion of brilliance.
You feel clever all of a sudden.
* * * LOW HITPOINT WARNING * * *
You feel very sick.
The gnoll sergeant hits you with a +4 spear of venom.
* * * LOW HITPOINT WARNING * * *
You are more poisoned.
The gnoll closely misses you.
Your surroundings suddenly seem different.
A sky beast and 2 gnolls come into view.
You die...

.... .## .... ####...
.......... ..
#..#....### ..
#..#....... .#
.####..#....# .#
.......#.g..# .#
###..@.g..######## .#
.........Y..#?)....###.#
..###......ggg.)....:...
####....).###.##.##...
.........## #.##.##...
####.#.#.# #.#.).....
.....#... ..#..#....
...##########..#....
#... #..#....


You could see a sky beast, a gnoll sergeant and 4 gnolls.

Vanquished Creatures
  Sigmund (D:5)
  A black bear (D:3)
  An ogre (D:5)
  A scorpion (D:5)
  A howler monkey (D:5)
  2 jellies
  A hound (D:4)
  A bullfrog skeleton (D:5)
  2 orc priests
  An iguana (D:4)
  A hound zombie (D:5)
  4 gnolls
  4 adders
  A worm (D:2)
  3 dart slugs
  10 orcs
  5 bats
  9 endoplasms
  4 giant cockroaches
  7 hobgoblins
  5 jackals
  2 quokkas
  A ball python (D:4)
  4 frilled lizards (D:1)
  6 goblins
  6 kobolds
  3 rats (D:1)
87 creatures vanquished.

Vanquished Creatures (others)
  A plant (D:1)
1 creature vanquished.

Grand Total: 88 creatures vanquished

Notes
Turn   | Place    | Note
-------+----------+-------------------------------------------
     0 | D:1      | speeev33 the Minotaur Berserker began the quest for the
                  | Orb.
     0 | D:1      | Reached XP level 1. HP: 19/19 MP: 0/0
   111 | D:1      | Reached XP level 2. HP: 27/27 MP: 1/1
   436 | D:1      | Reached XP level 3. HP: 34/34 MP: 2/2
   975 | D:1      | Found a faded altar of an unknown god.
  1042 | D:2      | Reached ** piety under Trog
  1131 | D:2      | Found Esmuam's Antique Armour Boutique.
  1300 | D:2      | Found Jailiol's Antique Armour Shop.
  1857 | D:2      | Reached skill level 5 in Polearms
  1857 | D:2      | Reached XP level 4. HP: 41/41 MP: 3/3
  1911 | D:3      | Reached skill level 5 in Fighting
  2125 | D:3      | Noticed a black bear
  2133 | D:3      | Killed a black bear
  2134 | D:3      | Reached XP level 5. HP: 50/50 MP: 4/4
  2374 | D:3      | Found a stormy altar of Qazlal.
  3242 | D:4      | Reached XP level 6. HP: 48/58 MP: 5/5
  3311 | D:4      | Found an ancient bone altar of Kikubaaqudgha.
  3796 | D:4      | Found a hazy altar of Hepliaklqana.
  3937 | D:4      | Found a runed translucent gate.
  3937 | D:4      | Found a runed translucent gate.
  3937 | D:4      | Found a runed translucent gate.
  3938 | D:4      | Noticed Dittersdorf's ghost (novice GrFi)
  3987 | D:5      | Entered Level 5 of the Dungeon
  3987 | D:5      | Found Vibbet's Distillery.
  3996 | D:5      | Reached skill level 1 in Shields
  4025 | D:5      | Reached XP level 7. HP: 66/66 MP: 6/6
  4040 | D:5      | Reached *** piety under Trog
  4044 | D:5      | Noticed Sigmund
  4246 | D:5      | Killed Sigmund
  4310 | D:5      | Succumbed to a gnoll sergeant's poison

Illustrated notes

Levels and vault maps discovered:
D:1:      dpeg_arrival_fog, layout_basic, shapermc_ecumenical_altar_petra
D:2:      layout_basic, serial_shops, shop, nicolae_lakefront_shop
D:3:      layout_loops_corners, lemuel_doored_altar
D:4:      layout_gridville, kiku_gazebo_pond_becter,
          mainiacjoe_overflow_alcove_4, gammafunk_ghost_necromancy,
          corexii_hall_statues_t
D:5:      layout_basic, serial_shops, shop, minivault_4, due_unseen_surprise,
          uniq_sigmund, uniq_crazy_yiuf_cottage

Skill      XL: |  1  2  3  4  5  6  7 |
---------------+----------------------+-----
Fighting       | 4 5 6 7 |  7.6
Polearms       | 4 5 6 7 |  7.6
Shields        | 2 3 |  3.5
Armour         | |  2.4
Dodging        | |  2.1

Action                   |  1- 3 |  4- 6 |  7- 9 || total
-------------------------+-------+-------+-------++-------
Melee: Spear             |   135 |    25 |       ||   160
       Headbutt          |    23 |    18 |     3 ||    44
       Trident           |       |    64 |    26 ||    90
Invok: Berserk           |       |     2 |     1 ||     3
  Use: Scroll            |       |    11 |     1 ||    12
       Potion            |       |       |     1 ||     1
 Stab: Sleeping          |     1 |       |       ||     1
Armor: Animal skin       |     2 |       |       ||     2
       Ring mail         |    28 |     6 |       ||    34
       Chain mail        |       |    14 |    12 ||    26
Dodge: Dodged            |    31 |    28 |    13 ||    72
Block: Buckler           |       |     4 |     1 ||     5

Table legend: (Time is in decaauts)
 A = Elapsed time spent in this place.
 B = Non-inter-level travel time spent in this place.
 C = Inter-level travel time spent in this place.
 D = Time resting spent in this place.
 E = Time spent auto-exploring this place.
 F = Levels seen in this place.
 G = Mean time per level.
                   A        B        C        D        E       F      G
               +--------+--------+--------+--------+--------+-----+--------+
         Total |   4320 |   4186 |    134 |    835 |   2563 |   5 |  864.0 |
       Dungeon |   4320 |   4186 |    134 |    835 |   2563 |   5 |  864.0 |
               +--------+--------+--------+--------+--------+-----+--------+

Top non-repeatable levels by time:
     D:3: 1328 daAuts
     D:1: 1002 daAuts
     D:4: 946 daAuts
     D:2: 877 daAuts
     D:5: 165 daAuts
